[Event "Team 45 45 League T78"]
[Site "Internet Chess Club"]
[Date "2018.10.27"]
[Round "6"]
[White "Skeptic1972"]
[Black "idjit"]
[Result "1/2-1/2"]
[WhiteElo "1462"]
[BlackElo "1556"]
[Opening "Nimzo-Indian: classical variation"]
[ECO "E32"]
[Time "12:01:34"]
[TimeControl "2700+45"]

1. d4 Nf6 2. c4 e6 3. Nc3 Bb4 4. Qc2 d6 5. a3 Bxc3+ 6. Qxc3 Ne4 7. Qc2 f5 8. Nf3
c5 9. e3 Nc6 10. Be2 Qa5+ 11. Bd2 Nxd2 12. Qxd2 Qxd2+ 13. Kxd2 e5 14. dxe5 dxe5
15. Kc3 h6 16. Rad1 Be6 17. Rd6 Ke7 18. Rd2 Rad8 19. Rhd1 Rxd2 20. Rxd2 g5 21.
g3 a5 22. Bd1 e4 23. Ne1 Ne5 24. Be2 h5 25. f4 gxf4 26. exf4 Ng4 27. Bxg4 hxg4
28. Nc2 Bd7 29. Ne3 Be6 30. Nd5+ Kf7 31. Nb6 Kf6 32. Na4 Rc8 33. Rd6 Ke7 34. Rb6
Rc7 35. Rb5 Kd6 36. Rb6+ Ke7 37. Rb5 Kd6 38. Rb6+ {Game drawn by mutual
agreement} 1/2-1/2

[Event "Team 45 45 League T78"]
[Site "Internet Chess Club"]
[Date "2018.10.27"]
[Round "6"]
[White "Kingfisher75"]
[Black "nidusin2"]
[Result "1-0"]
[WhiteElo "1580"]
[BlackElo "1448"]
[Opening "Pirc defense"]
[ECO "B07"]
[Time "22:00:48"]
[TimeControl "2700+45"]

1. e4 d6 2. d4 Nf6 3. Bd3 Nbd7 4. Nf3 e5 5. c3 Be7 6. O-O O-O 7. Re1 h6 8. h3
Nh7 9. Nbd2 Re8 10. Nf1 Ng5 11. Ng3 Nxf3+ 12. Qxf3 Bg5 13. Nf5 Nf8 14. Qg3 Ng6
15. Be3 Qf6 16. Rad1 Nf4 17. dxe5 Qg6 18. Bxf4 dxe5 19. Bxg5 hxg5 20. Bc2 Qf6
21. Re3 Bxf5 22. exf5 Qe7 23. Rd5 f6 24. Bb3 Kf8 25. Rd1 a5 26. Be6 Rad8 27.
Red3 Rd6 28. Rxd6 cxd6 29. Qf3 g6 30. Bd5 e4 31. Qg4 e3 32. fxe3 Qxe3+ 33. Kh1
Kg7 34. fxg6 Kxg6 35. Rf1 Qe5 36. Bf3 Rh8 37. Qe4+ f5 38. Qxe5 dxe5 39. Rd1 g4
40. Rd6+ Kg5 41. Bd5 gxh3 42. gxh3 Rxh3+ 43. Kg2 Rd3 44. Rd7 Kf4 45. Be6 Rg3+
46. Kf2 e4 47. Rd4 Rf3+ 48. Ke2 Re3+ 49. Kd2 Rg3 50. Bc4 Kf3 51. Be2+ Kf2 52.
Bc4 e3+ 53. Kd1 Rg1+ 54. Kc2 Kf3 55. Rd1 Rg2+ 56. Kc1 Rf2 57. Re1 f4 58. Bd5+
Kg3 59. Bxb7 e2 60. Kd2 f3 61. Bxf3 Kxf3 62. b4 axb4 63. cxb4 Rf1 64. a4 Rf2 65.
b5 Rh2 66. b6 Rh4 67. Rxe2 Rxa4 68. Re3+ Kf4 69. Rb3 Ra8 70. Kc3 Ke5 71. Kc4 Kd6
72. Kb5 Kd7 73. Rc3 Ra1 74. Rc4 Rb1+ 75. Ka6 Ra1+ 76. Kb7 Rb1 77. Rd4+ Ke8 78.
Kc6 Rc1+ 79. Kb5 Rb1+ 80. Rb4 Rxb4+ 81. Kxb4 Kd7 82. Kb5 {Black resigns} 1-0

[Event "Team 45 45 League T78"]
[Site "Internet Chess Club"]
[Date "2018.10.30"]
[Round "6"]
[White "Goli"]
[Black "cityprosecutor"]
[Result "1/2-1/2"]
[WhiteElo "1678"]
[BlackElo "1685"]
[Opening "Pirc: Byrne variation"]
[ECO "B07"]
[Time "16:01:27"]
[TimeControl "2700+45"]

1. e4 d6 2. d4 Nf6 3. Nc3 g6 4. Bg5 c6 5. Qd2 b5 6. Bxf6 exf6 7. Nf3 Bg7 8. g3
Qe7 9. Qe3 O-O 10. Bg2 Bb7 11. O-O b4 12. Ne2 c5 13. dxc5 dxc5 14. Nd2 Re8 15.
Nf4 Qc7 16. Qb3 a5 17. a4 Nc6 18. c3 Rad8 19. Nd5 Qb8 20. Rad1 Ba6 21. Rfe1 Ne5
22. c4 Qc8 23. f4 Nc6 24. Nf3 Ne7 25. Qc2 Bb7 26. b3 Nc6 27. Qf2 Ne7 28. h3 f5
29. Nxe7+ Rxe7 30. Rxd8+ Qxd8 31. e5 Qd3 32. Qxc5 Rd7 33. Qe3 Qc2 34. Bf1 Bf8
35. e6 fxe6 36. Qxe6+ Rf7 37. Bg2 Bc5+ 38. Kh1 Qf2 39. Qe8+ Kg7 40. Qe5+ Kh6 41.
Rf1 Qxg3 42. Qxc5 Qxf4 43. Qf2 g5 44. Nd2 Bxg2+ 45. Kxg2 Qd6 46. Kg1 Rd7 47. Rd1
Qd3 48. Kg2 Qc2 49. Qe2 Rd3 50. c5 Qc3 51. Qe6+ Kg7 52. Qe7+ Kg6 53. Qe6+ Kg7
54. Qe7+ Kg6 55. Qe6+ Kg7 {Game drawn by repetition} 1/2-1/2

[Event "Team 45 45 League T78"]
[Site "Internet Chess Club"]
[Date "2018.10.25"]
[Round "6"]
[White "elessar"]
[Black "Egmont"]
[Result "1-0"]
[WhiteElo "1650"]
[BlackElo "1664"]
[Opening "Queen's pawn, Mason variation"]
[ECO "D00"]
[Time "13:00:19"]
[TimeControl "2700+45"]

1. d4 d5 2. Bf4 Nf6 3. e3 c5 4. c3 Qb6 5. Qc2 Nc6 6. Nd2 Bg4 7. dxc5 Qxc5 8. h3
Bh5 9. Ngf3 Bg6 10. Bd3 Bxd3 11. Qxd3 e6 12. O-O Be7 13. Rfe1 O-O 14. Nb3 Qc4
15. Qxc4 dxc4 16. Nbd4 Nxd4 17. exd4 Nd5 18. Bh2 b5 19. a3 Rfd8 20. Nd2 Bd6 21.
Bxd6 Rxd6 22. Ne4 Rc6 23. g3 Kf8 24. Nc5 Rb8 25. Nd7+ Ke7 26. Nxb8 Rb6 27. f4
Rxb8 28. f5 a5 29. fxe6 f6 30. Kf2 b4 31. axb4 axb4 32. Ra7+ {Black resigns} 1-0

[Event "Team 45 45 League T78"]
[Site "Internet Chess Club"]
[Date "2018.10.26"]
[Round "6"]
[White "Demachaeron"]
[Black "Hal2001"]
[Result "1/2-1/2"]
[WhiteElo "1692"]
[BlackElo "1609"]
[Opening "Benoni: 6.e4"]
[ECO "A65"]
[Time "08:03:44"]
[TimeControl "2700+45"]

1. d4 Nf6 2. c4 c5 3. d5 e6 4. Nc3 exd5 5. cxd5 d6 6. e4 g6 7. Bd3 Bg7 8. h3 a6
9. a4 O-O 10. Nf3 Re8 11. O-O Nbd7 12. Bf4 Qc7 13. Re1 b6 14. Qd2 Bb7 15. Rac1
Re7 16. Bh2 c4 17. Bb1 Nc5 18. Qf4 Ne8 19. e5 dxe5 20. Nxe5 Bxe5 21. Rxe5 Rxe5
22. Qxe5 Qxe5 23. Bxe5 Rd8 24. Rd1 Nd6 25. f3 b5 26. Bxd6 Rxd6 27. Ne4 Nxe4 28.
fxe4 Kg7 29. axb5 axb5 30. Rf1 Kf8 31. g4 g5 32. Rf3 h6 33. Kf2 Ke7 34. Ke3 Ra6
35. Kd4 Ra1 36. Rf1 b4 37. e5 Bxd5 38. Kxd5 c3 39. bxc3 bxc3 40. Rc1 c2 41. Rxc2
Rxb1 42. Rc7+ Ke8 43. Rc6 Rd1+ 44. Ke4 Re1+ 45. Kf5 Rf1+ 46. Ke4 Re1+ {Game
drawn by mutual agreement} 1/2-1/2

[Event "Team 45 45 League T78"]
[Site "Internet Chess Club"]
[Date "2018.10.26"]
[Round "6"]
[White "Constrictor"]
[Black "tightfist"]
[Result "1-0"]
[WhiteElo "1544"]
[BlackElo "1475"]
[Opening "Nimzovich-Larsen attack: modern variation"]
[ECO "A01"]
[Time "17:04:27"]
[TimeControl "2700+45"]

1. b3 e5 2. Bb2 Nc6 3. e3 d5 4. Bb5 Bd6 5. f4 f6 6. fxe5 fxe5 7. Nf3 Qf6 8. O-O
Qe7 9. Bxc6+ bxc6 10. Nxe5 Bxe5 11. Qh5+ Kd7 12. Qxe5 Nf6 13. Qxe7+ Kxe7 14.
Bxf6+ gxf6 15. Nc3 Rg8 16. Rf2 Bh3 17. Kh1 Bd7 18. Raf1 Rg6 19. Na4 Rag8 20. Nc5
Bh3 21. gxh3 Kd6 22. Nd3 Rf8 23. Nf4 Rh6 24. Rg2 c5 25. Rfg1 a6 26. Rg8 Rf7 27.
R1g7 Rd7 28. Rxd7+ Kxd7 29. Nxd5 Rxh3 30. Nxf6+ Kc6 31. Rg7 Rf3 32. Nxh7 Rf1+
33. Rg1 Rf2 34. Rd1 a5 35. Ng5 Kd5 36. Kg1 Rf8 37. Rf1 Rg8 38. h4 Rh8 39. Rf4 c6
40. Kg2 Rg8 41. Kg3 Ke5 42. Kg4 Kd5 43. h5 Rg7 44. h6 Rg8 45. h7 Rh8 46. Rf5+
Kd6 47. Nf7+ {Black resigns} 1-0

[Event "Team 45 45 League T78"]
[Site "Internet Chess Club"]
[Date "2018.10.28"]
[Round "6"]
[White "Sloggi"]
[Black "Monterrey"]
[Result "1/2-1/2"]
[WhiteElo "1972"]
[BlackElo "2002"]
[Opening "Trompowsky attack (Ruth, Opocenský opening)"]
[ECO "A45"]
[Time "09:08:08"]
[TimeControl "2700+45"]

1. d4 Nf6 2. Bg5 e6 3. e3 c5 4. c3 Qb6 5. Qc2 Nc6 6. Nf3 Be7 7. Be2 h6 8. Bh4 d5
9. O-O Bd7 10. Nbd2 Rc8 11. dxc5 Qxc5 12. Bg3 O-O 13. Ne5 Nxe5 14. Bxe5 b5 15.
Qd3 Rfd8 16. Rac1 Be8 17. f4 Nd7 18. Bd4 Qc7 19. e4 e5 20. fxe5 Nxe5 21. Qg3 Ng6
22. e5 Bc5 23. Nf3 Bxd4+ 24. cxd4 Qxc1 25. Rxc1 Rxc1+ 26. Kf2 Rc2 27. Ne1 Rcc8
28. Bd3 Nf8 29. Qe3 a5 30. Nf3 Bd7 31. h3 Rc7 32. g4 Rdc8 33. Nh4 Rc1 34. Nf3
Ra1 35. a3 Rcc1 36. Be2 a4 37. Bd3 Rh1 38. Kg2 h5 39. Bf5 hxg4 40. hxg4 Ne6 41.
Bxe6 Bxe6 42. Qg5 g6 43. Qd8+ Kg7 44. Qf6+ Kg8 45. Qd8+ Kg7 46. Qf6+ Kh7 47.
Ng5+ Kh6 48. Nf3 Kh7 49. Ng5+ Kh6 50. Nf3 Kh7 51. Ng5+ Kh6 52. Nf3 Kh7 53. Ng5+
{Game drawn by repetition} 1/2-1/2

[Event "Team 45 45 League T78"]
[Site "Internet Chess Club"]
[Date "2018.10.31"]
[Round "6"]
[White "leandromorg"]
[Black "President"]
[Result "1-0"]
[WhiteElo "1759"]
[BlackElo "1591"]
[Opening "Queen's pawn game"]
[ECO "D00"]
[Time "06:38:47"]
[TimeControl "2700+45"]

1. d4 d5 2. e3 Nf6 3. f4 Bf5 4. Nf3 c6 5. c4 e6 6. Nc3 Bb4 7. Qb3 Na6 8. cxd5
Qxd5 9. Bxa6 Bxc3+ 10. bxc3 bxa6 11. Ba3 Qb5 12. Ne5 Nd5 13. Kd2 f6 14. Nc4 Qxb3
15. Nd6+ Kd7 16. axb3 Be4 {Black resigns} 1-0

[Event "Team 45 45 League T78"]
[Site "Internet Chess Club"]
[Date "2018.10.29"]
[Round "6"]
[White "WillC"]
[Black "Ajolote"]
[Result "0-1"]
[WhiteElo "1681"]
[BlackElo "1945"]
[Opening "Queen's pawn game"]
[ECO "A46"]
[Time "15:15:54"]
[TimeControl "2700+45"]

1. d4 Nf6 2. Nf3 e6 3. b3 b6 4. Bb2 Bb7 5. e3 d6 6. Bd3 Nbd7 7. O-O g6 8. Nbd2
Bg7 9. c4 O-O 10. Rc1 e5 11. dxe5 Ng4 12. e4 Ngxe5 13. Nxe5 Nxe5 14. Be2 Qe7 15.
Qc2 f5 16. f4 Nd7 17. Bxg7 Qxg7 18. exf5 Rxf5 19. Bd3 Qd4+ 20. Kh1 Rxf4 21. Rxf4
Qxf4 22. Bxg6 Nf6 23. Bf5 Re8 24. Rf1 Bxg2+ 25. Kg1 Bxf1 26. Nxf1 Kh8 27. Bh3
Qd4+ 28. Kh1 Qe4+ 29. Qxe4 Nxe4 30. Bd7 Rg8 31. h3 Ng3+ 32. Nxg3 Rxg3 {White
resigns} 0-1

[Event "Team 45 45 League T78"]
[Site "Internet Chess Club"]
[Date "2018.10.27"]
[Round "6"]
[White "nealbruce"]
[Black "kllrchris"]
[Result "1-0"]
[WhiteElo "1690"]
[BlackElo "1629"]
[Opening "Ruy Lopez: modern Steinitz defense, siesta variation"]
[ECO "C74"]
[Time "17:07:29"]
[TimeControl "2700+45"]

1. e4 e5 2. Nf3 Nc6 3. Bb5 a6 4. Ba4 d6 5. c3 f5 6. d3 fxe4 7. dxe4 Nf6 8. Nbd2
b5 9. Bc2 Be7 10. O-O Bg4 11. h3 Bh5 12. Re1 O-O 13. Nf1 Na5 14. Ng3 Bg6 15. Nh4
Nxe4 16. Nxg6 Nxf2 17. Qd5+ Rf7 18. Nxe7+ Qxe7 19. Qxa8+ Rf8 20. Qd5+ Kh8 21.
Be3 c6 22. Qd2 Nc4 23. Qe2 {Black resigns} 1-0

[Event "Team 45 45 League T78"]
[Site "Internet Chess Club"]
[Date "2018.10.28"]
[Round "6"]
[White "laurenpar"]
[Black "backrankbrawler"]
[Result "1-0"]
[WhiteElo "1886"]
[BlackElo "1734"]
[Opening "QGD semi-Slav"]
[ECO "D43"]
[Time "04:30:34"]
[TimeControl "2700+45"]

1. d4 Nf6 2. c4 e6 3. Nf3 d5 4. Nc3 c6 5. Bg5 Be7 6. e3 Nbd7 7. Qc2 O-O 8. O-O-O
Re8 9. Kb1 a5 10. Ne5 Nxe5 11. dxe5 Ng4 12. Bf4 Bg5 13. h3 Nh6 14. g4 Bxf4 15.
exf4 Qh4 16. Bd3 g6 17. c5 Qd8 18. Be2 b6 19. Ne4 Kg7 20. Nf6 Re7 21. h4 Ng8 22.
g5 Ba6 23. Bxa6 Rxa6 24. h5 Rb7 25. hxg6 Nxf6 26. gxf6+ Kg8 27. g7 {Black
resigns} 1-0

[Event "Team 45 45 League T78"]
[Site "Internet Chess Club"]
[Date "2018.10.27"]
[Round "6"]
[White "Zugzwanged"]
[Black "bradleyguo175"]
[Result "1/2-1/2"]
[WhiteElo "1721"]
[BlackElo "1800"]
[Opening "French: exchange variation"]
[ECO "C01"]
[Time "10:02:57"]
[TimeControl "2700+45"]

1. e4 e6 2. d4 d5 3. exd5 exd5 4. Nf3 Nf6 5. Bd3 Bd6 6. O-O O-O 7. Bg5 Bg4 8.
Nbd2 Nbd7 9. c3 c6 10. Qc2 Qc7 11. Rfe1 Rfe8 12. h3 Bh5 13. Rxe8+ Rxe8 14. Re1
Rxe1+ 15. Nxe1 Bg6 16. Nef3 Bxd3 17. Qxd3 h6 18. Bxf6 Nxf6 19. Qf5 Qd7 20. Qxd7
Nxd7 {Game drawn by mutual agreement} 1/2-1/2

[Event "Team 45 45 League T78"]
[Site "Internet Chess Club"]
[Date "2018.10.27"]
[Round "6"]
[White "Beetlejuice"]
[Black "ivanson"]
[Result "1/2-1/2"]
[WhiteElo "1724"]
[BlackElo "1723"]
[Opening "King's Indian: Sämisch, 5...O-O"]
[ECO "E81"]
[Time "14:01:08"]
[TimeControl "2700+45"]

1. d4 Nf6 2. c4 g6 3. f3 Bg7 4. e4 d6 5. Nc3 O-O 6. Be3 c5 7. Nge2 Nc6 8. d5 Ne5
9. Ng3 e6 10. Be2 exd5 11. cxd5 a6 12. a4 Bd7 13. Qd2 b5 14. axb5 axb5 15. Rxa8
Qxa8 16. Bxb5 Bxb5 17. Nxb5 Qa6 18. Qe2 Rb8 19. f4 Neg4 20. Nc3 Qa1+ 21. Nd1
Nxe3 22. Qxe3 Rxb2 23. O-O Rb1 24. Qd3 Ng4 25. Nf2 Rxf1+ 26. Qxf1 Qxf1+ 27. Kxf1
Nxf2 28. Kxf2 Kf8 {Game drawn by mutual agreement} 1/2-1/2

[Event "Team 45 45 League T78"]
[Site "Internet Chess Club"]
[Date "2018.10.28"]
[Round "6"]
[White "swagnik"]
[Black "Megasus"]
[Result "1-0"]
[WhiteElo "1615"]
[BlackElo "1536"]
[Opening "Sicilian: closed"]
[ECO "B23"]
[Time "22:00:55"]
[TimeControl "2700+45"]

1. e4 c5 2. Nc3 a6 3. f4 Nc6 4. a4 Qc7 5. d3 e6 6. Nf3 d6 7. Be2 h6 8. O-O Nf6
9. Bd2 Qb6 10. Rb1 c4+ 11. Kh1 cxd3 12. Bxd3 Ng4 13. Qe2 Nb4 14. Ne1 h5 15. h3
Be7 16. Nd1 Bh4 17. Bxb4 Qxb4 18. hxg4 hxg4 19. Kg1 Qb6+ 20. Qe3 Qc7 21. Nf2 e5
22. f5 g3 23. Nh1 f6 24. Nxg3 Bg5 25. Qe2 Qb6+ 26. Rf2 Be3 27. Nf3 Bd7 28. b3
O-O-O 29. Nd2 Rh6 30. Nc4 Bxf2+ 31. Qxf2 Qc7 32. Qa7 Bc6 33. Nb6+ {Black
resigns} 1-0

[Event "Team 45 45 League T78"]
[Site "Internet Chess Club"]
[Date "2018.10.30"]
[Round "6"]
[White "kutch"]
[Black "cayo89"]
[Result "0-1"]
[WhiteElo "1546"]
[BlackElo "1730"]
[Opening "Old Indian defense"]
[ECO "A42"]
[Time "19:59:16"]
[TimeControl "2700+45"]

1. d4 d6 2. c4 c6 3. Nc3 Qc7 4. e4 e5 5. d5 Nf6 6. Nf3 Bg4 7. Be2 Be7 8. h3 Bh5
9. Be3 Nbd7 10. b4 a6 11. Rc1 c5 12. a3 O-O 13. Qc2 b6 14. O-O Rfe8 15. b5 a5
16. Nh2 Bxe2 17. Qxe2 Bf8 18. f4 exf4 19. Rxf4 Ne5 20. Rf5 Nfd7 21. Rcf1 g6 22.
Rg5 Bg7 23. Bf4 Re7 24. Nf3 Rae8 25. Nd1 Bf6 26. Rg3 Nxf3+ 27. gxf3 Be5 28. Bxe5
Rxe5 29. Qg2 Nf6 30. Nc3 Qe7 31. Re1 Nh5 32. Rg4 Qf6 33. Qd2 Ng7 34. f4 Rh5 35.
e5 dxe5 36. fxe5 Rexe5 37. Ne4 Rxe4 38. Rexe4 Rxh3 39. Qf2 Qa1+ 40. Re1 Qxa3 41.
d6 Qd3 42. Kg2 Rh5 43. Qg3 Qd2+ 44. Kg1 Nf5 45. Re8+ Kg7 46. Qe5+ Kh6 47. d7
Qxd7 48. Qf4+ Kg7 49. Qe5+ f6 50. Qe1 Qb7 51. Rg2 Qf3 52. Re7+ Kh6 53. Rxh7+
Kxh7 54. Qe7+ Ng7 55. Rxg6 Rh1# {White checkmated} 0-1

[Event "Team 45 45 League T78"]
[Site "Internet Chess Club"]
[Date "2018.10.28"]
[Round "6"]
[White "dalmata"]
[Black "Electryon"]
[Result "1/2-1/2"]
[WhiteElo "1439"]
[BlackElo "1465"]
[Opening "QGD Slav: exchange variation"]
[ECO "D13"]
[Time "15:04:44"]
[TimeControl "2700+45"]

1. d4 d5 2. Nf3 Nf6 3. c4 c6 4. cxd5 cxd5 5. Nc3 Nc6 6. Bf4 a6 7. e3 Bf5 8. Be2
e6 9. O-O Bd6 10. Ne5 O-O 11. Qd2 Rc8 12. Rac1 Ne4 13. Nxe4 Bxe4 14. f3 Bb4 15.
Qd1 Nxe5 16. Bxe5 Bg6 17. a3 Be7 18. Rxc8 Qxc8 19. Qc1 Bg5 20. Bf4 Bxf4 21. exf4
Qb8 22. Qd2 Rc8 23. Rc1 b5 24. b4 Rc7 25. Rxc7 Qxc7 26. g3 Qc2 27. Qxc2 Bxc2 28.
Kf2 Kf8 29. Ke3 Ke7 30. g4 g6 31. h3 h6 32. Kd2 Bb1 33. Bd3 Ba2 34. Ke3 Bc4 35.
h4 f5 36. Bc2 Kf6 37. g5+ hxg5 38. fxg5+ Kf7 39. f4 Bf1 40. Bd3 Bxd3 {Game drawn
by mutual agreement} 1/2-1/2

[Event "Team 45 45 League T78"]
[Site "Internet Chess Club"]
[Date "2018.10.29"]
[Round "6"]
[White "clarinetref"]
[Black "Pawnchain"]
[Result "1-0"]
[WhiteElo "1496"]
[BlackElo "1338"]
[Opening "English: Caro-Kann defensive system"]
[ECO "A12"]
[Time "12:06:18"]
[TimeControl "2700+45"]

1. Nf3 d5 2. c4 c6 3. b3 dxc4 4. bxc4 Nf6 5. g3 Nbd7 6. Bb2 Qb6 7. Qc2 Nc5 8.
Nc3 e6 9. Rb1 Qc7 10. Bg2 Be7 11. O-O O-O 12. d4 Ncd7 13. e4 {Black resigns} 1-0

[Event "Team 45 45 League T78"]
[Site "Internet Chess Club"]
[Date "2018.10.29"]
[Round "6"]
[White "rkjulianjr"]
[Black "sdcohle"]
[Result "1/2-1/2"]
[WhiteElo "1314"]
[BlackElo "1356"]
[Opening "QGD Slav defense: exchange variation"]
[ECO "D10"]
[Time "21:00:39"]
[TimeControl "2700+45"]

1. d4 d5 2. c4 c6 3. cxd5 cxd5 4. Bf4 Nf6 5. Nc3 e6 6. e3 Be7 7. Bd3 a6 8. Rc1
O-O 9. Nge2 Bd6 10. Bxd6 Qxd6 11. Ng3 Nbd7 12. O-O b5 13. Re1 Bb7 14. Bb1 Rac8
15. Qd3 Rc7 16. Nh5 g6 17. Ng3 Rfc8 18. h4 b4 19. Nce2 Rxc1 20. Rxc1 Rxc1+ 21.
Nxc1 a5 22. h5 Qc6 23. Nce2 Ba6 24. Qd2 Qb5 25. hxg6 fxg6 26. Nf4 Qc6 27. Nd3
Ne4 28. Nxe4 dxe4 29. Nf4 Nf6 30. Qc2 Qxc2 31. Bxc2 Kf7 32. Bb3 Bc8 33. d5 exd5
34. Nxd5 Be6 35. Nxf6 Bxb3 36. axb3 Kxf6 37. Kf1 Ke5 38. Ke2 g5 39. f3 h5 40.
Kf2 exf3 41. gxf3 h4 42. Kg2 Kf5 43. Kh3 Ke5 44. Kg4 Kf6 45. Kh3 Kf5 46. e4+ Kf4
47. Kg2 Ke5 48. Kh3 Kf4 {Game drawn by mutual agreement} 1/2-1/2

[Event "Team 45 45 League T78"]
[Site "Internet Chess Club"]
[Date "2018.10.27"]
[Round "6"]
[White "Constrictor"]
[Black "Hectormercado"]
[Result "0-1"]
[WhiteElo "1526"]
[BlackElo "1526"]
[Opening "Nimzovich-Larsen attack: modern variation"]
[ECO "A01"]
[Time "11:02:35"]
[TimeControl "2700+45"]

1. b3 e5 2. Bb2 Nc6 3. e3 d5 4. Bb5 Bd6 5. f4 Qe7 6. Nf3 f6 7. fxe5 fxe5 8.
Bxc6+ bxc6 9. Nxe5 Qg5 10. Nf3 Qg6 11. d3 Nf6 12. Qe2 Bg4 13. Nbd2 O-O 14. O-O-O
a5 15. h3 Be6 16. Ne5 Qe8 17. Ndf3 a4 18. Kb1 axb3 19. cxb3 Ba3 20. g4 Bxb2 21.
Qxb2 Nd7 22. Rc1 Ra6 23. Nd4 Nxe5 {White resigns} 0-1

[Event "Team 45 45 League T78"]
[Site "Internet Chess Club"]
[Date "2018.10.25"]
[Round "6"]
[White "drsigmund1"]
[Black "ocelotl"]
[Result "1-0"]
[WhiteElo "1501"]
[BlackElo "1312"]
[Opening "Queen's pawn, Mason variation"]
[ECO "D00"]
[Time "14:01:39"]
[TimeControl "2700+45"]

1. d4 d5 2. Bf4 Bf5 3. e3 e6 4. Nf3 Nd7 5. Nbd2 Ngf6 6. c3 c6 7. Be2 Ne4 8. O-O
Ndf6 9. Qb3 b5 10. a4 a6 11. axb5 axb5 12. Ra2 Bd6 13. Nxe4 Nxe4 14. Ne5 Bxe5
15. Bxe5 O-O 16. Rfa1 Rc8 17. Qd1 f6 18. Bf4 g5 19. Bg3 Nxg3 20. hxg3 Bg6 21.
Bd3 f5 22. Qb3 h5 23. Ra6 Rf7 24. f3 Rh7 25. e4 fxe4 26. fxe4 h4 27. g4 h3 28.
g3 Qf6 29. Rf1 h2+ 30. Kh1 Qh8 31. Qc2 Rh3 32. e5 Bxd3 33. Qxd3 Rh6 34. Ra7 Rh7
35. Qg6+ Rg7 36. Qxe6+ {Black resigns} 1-0

[Event "Team 45 45 League T78"]
[Site "Internet Chess Club"]
[Date "2018.10.24"]
[Round "6"]
[White "dabodhi"]
[Black "LuFran"]
[Result "0-1"]
[WhiteElo "1238"]
[BlackElo "1576"]
[Opening "French: King's Indian attack"]
[ECO "C00"]
[Time "21:00:48"]
[TimeControl "2700+45"]

1. e4 e6 2. d3 d5 3. Nd2 Nf6 4. Ngf3 Be7 5. e5 Nfd7 6. d4 c5 7. c3 Nc6 8. Be2 c4
9. O-O b5 10. b4 Bb7 11. h3 Nf8 12. Nh2 Ng6 13. Ndf3 O-O 14. Be3 a6 15. Qd2 h6
16. Ng4 a5 17. a3 axb4 18. axb4 Qc7 19. Nxh6+ gxh6 20. Bxh6 Rfe8 21. Ng5 Bf8 22.
Bxf8 Rxf8 23. Bh5 Nce7 24. Rae1 Kg7 25. f4 Rh8 26. g4 Bc6 27. Bxg6 Nxg6 28. f5
exf5 29. Rxf5 Rhf8 30. Rf6 Rae8 31. Qf2 Re7 32. e6 Be8 33. h4 fxe6 34. Rxf8 Nxf8
35. Re5 Qd6 36. h5 Nh7 37. h6+ Kh8 38. Nxh7 Kxh7 39. g5 Bg6 40. Qf8 Bf5 41. Qf6
Qd7 42. g6+ Bxg6 43. Rg5 Qe8 44. Kh2 Ra7 45. Kg3 Qf7 46. Qe5 Ra3 47. Qe3 Ra2 48.
Kh4 Qf1 49. Rg3 Qf5 50. Rg5 Rh2+ 51. Kg3 Rh3+ {White resigns} 0-1

[Event "Team 45 45 League T78"]
[Site "Internet Chess Club"]
[Date "2018.10.28"]
[Round "6"]
[White "Kingfisher75"]
[Black "rubo"]
[Result "1-0"]
[WhiteElo "1596"]
[BlackElo "1555"]
[Opening "Caro-Kann: classical, Spassky variation"]
[ECO "B18"]
[Time "21:01:09"]
[TimeControl "2700+45"]

1. e4 c6 2. d4 d5 3. Nc3 dxe4 4. Nxe4 Bf5 5. Ng3 Bg6 6. Nf3 Nd7 7. h4 h6 8. h5
Bh7 9. Bd3 Bxd3 10. Qxd3 Ngf6 11. Be3 e6 12. O-O-O Bd6 13. Ne4 Nxe4 14. Qxe4 Nf6
15. Qd3 Qc7 16. Nd2 Bf4 17. Bxf4 Qxf4 18. Qe3 Qxe3 19. fxe3 Ng4 20. Rde1 Rd8 21.
Nf3 f5 22. Re2 Nf6 23. Nd2 O-O 24. Nf3 Ne4 25. Rh3 c5 26. c3 Kf7 27. Ne5+ Kg8
28. Ng6 Rf7 29. Ne5 Rc7 30. Nf3 Rcd7 31. Nd2 Ng5 32. Rh1 cxd4 33. exd4 Kf7 34.
Rf1 Kg8 35. Nf3 Ne4 36. Rfe1 Rc7 37. Kb1 Kf7 38. Ne5+ Kg8 39. g4 Rf8 40. Ng6 Rf6
41. gxf5 Ng3 42. Rxe6 Nxf5 43. Re8+ {Black resigns} 1-0

[Event "Team 45 45 League T78"]
[Site "Internet Chess Club"]
[Date "2018.10.26"]
[Round "6"]
[White "nosir"]
[Black "Kingofknights"]
[Result "1-0"]
[WhiteElo "1382"]
[BlackElo "1461"]
[Opening "Queen's pawn, Mason variation"]
[ECO "D00"]
[Time "11:30:16"]
[TimeControl "2700+45"]

1. d4 d5 2. Bf4 Nf6 3. e3 c6 4. Nf3 Bg4 5. Nbd2 e6 6. Bd3 Bh5 7. c3 Nbd7 8. Qc2
Bg6 9. e4 dxe4 10. Nxe4 Nxe4 11. Bxe4 Bxe4 12. Qxe4 Nf6 13. Qc2 Nd5 14. Be5 f6
15. Bg3 Bd6 16. Qe4 Kf7 17. O-O-O g6 18. Rde1 Re8 19. a3 Qe7 20. Nd2 Bxa3 21.
Kc2 Bxb2 22. Kxb2 b5 23. Nb3 a5 24. Nc5 b4 25. c4 Nc3 26. Qxc6 Rec8 27. Qd7 Na4+
28. Qxa4 Ra7 29. Rxe6 Qd8 30. Rd6 Qe7 31. Kb3 {Black resigns} 1-0

[Event "Team 45 45 League T78"]
[Site "Internet Chess Club"]
[Date "2018.10.27"]
[Round "6"]
[White "kingphisch"]
[Black "Gilguli"]
[Result "1-0"]
[WhiteElo "1459"]
[BlackElo "1317"]
[Opening "Sicilian: closed"]
[ECO "B23"]
[Time "15:01:22"]
[TimeControl "2700+45"]

1. e4 c5 2. Nc3 d6 3. Nf3 Nf6 4. g3 Bg4 5. Bg2 Nc6 6. O-O Qd7 7. d3 h5 8. Qe1
O-O-O 9. Ng5 Nd4 10. Qd2 Nh7 11. Nxf7 Bh3 12. Nxd8 Bxg2 13. Kxg2 h4 14. Qd1 Qxd8
15. Nd5 e6 16. c3 h3+ 17. Kh1 Nc6 18. Qg4 Qd7 19. Nf4 g5 20. Ne2 Ne5 21. Qxh3
Qf7 22. f4 g4 23. Qg2 Nf3 24. Rxf3 Ng5 25. Rf1 Nf3 26. Rxf3 Rxh2+ 27. Qxh2 gxf3
28. Ng1 {Black resigns} 1-0

[Event "Team 45 45 League T78"]
[Site "Internet Chess Club"]
[Date "2018.10.28"]
[Round "6"]
[White "SeniorCitizen"]
[Black "Just-Jim"]
[Result "0-1"]
[WhiteElo "1275"]
[BlackElo "1279"]
[Opening "St. George (Baker) defense"]
[ECO "B00"]
[Time "12:00:24"]
[TimeControl "2700+45"]

1. e4 a6 2. d4 d6 3. Nc3 h6 4. Nf3 e6 5. Be3 Nf6 6. h3 Be7 7. Be2 c6 8. Qd2 Nbd7
9. O-O-O Nh7 10. e5 dxe5 11. dxe5 O-O 12. h4 Nb6 13. Bd3 Nd5 14. Bxh6 Nxc3 15.
bxc3 Ba3+ {White resigns} 0-1

[Event "Team 45 45 League T78"]
[Site "Internet Chess Club"]
[Date "2018.10.25"]
[Round "6"]
[White "primerpaso"]
[Black "President"]
[Result "1/2-1/2"]
[WhiteElo "1757"]
[BlackElo "1592"]
[Opening "English opening"]
[ECO "A10"]
[Time "14:02:42"]
[TimeControl "2700+45"]

1. c4 b6 2. Nc3 Bb7 3. Nf3 e6 4. g3 Nf6 5. Bg2 Bb4 6. O-O O-O 7. d4 Be7 8. b3
Ne4 9. Bb2 Nxc3 10. Bxc3 Bf6 11. Re1 c5 12. e4 cxd4 13. Nxd4 Bxd4 14. Qxd4 f6
15. Rad1 Rf7 16. Bh3 Qe7 17. Qd2 Nc6 18. Bg2 Rd8 19. h3 d6 20. f4 Qc7 21. Re3
Rfd7 22. Rd3 e5 23. Bf3 a5 24. Bg4 Re7 25. Rxd6 Rxd6 26. Qxd6 exf4 27. Be6+ Kh8
28. gxf4 h6 29. Qxc7 Rxc7 30. Rd6 Bc8 31. Bxc8 Rxc8 32. e5 fxe5 33. fxe5 Rc7 34.
e6 Kg8 35. Rd7 Rxd7 36. exd7 Kf7 37. Bd4 Ke7 38. Bxb6 Kxd7 39. Kf2 Ke6 40. Ke3
g5 41. Ke4 h5 42. Bc7 a4 43. bxa4 Kd7 44. Bb6 g4 45. hxg4 hxg4 46. a5 Nb4 47. a3
Na6 48. Kd5 g3 49. c5 Nxc5 50. Kxc5 Kc8 51. Kc6 Kb8 52. Bc7+ Ka7 53. Kb5 g2 54.
a4 Kb7 55. Bh2 g1=Q 56. Bxg1 Kb8 57. a6 Ka8 58. a5 Kb8 59. Kc6 Ka8 60. Bh2 Ka7
61. Bc7 Kxa6 62. Bd8 {Game drawn by mutual agreement} 1/2-1/2